 Dungeon Crawl Stone Soup version 0.20.1-1-g8b1a95d (webtiles) character file.

33996 Jannitor the Warrior (level 13, -4/180 HPs)
             Began as an Ogre Chaos Knight on Sept 3, 2017.
             Slain by a troll (16 damage)
             ... on level 11 of the Dungeon.
             The game lasted 00:44:22 (18221 turns).

Jannitor the Warrior (Ogre Chaos Knight)           Turns: 18221, Time: 00:44:23

Health: -4/180     AC:  5    Str: 18 (19) XL:     13   Next: 74%
Magic:  0/15       EV: 13    Int: 16 (17) God:    Xom [...*..]
Gold:   1437       SH:  0    Dex: 11 (12) Spells: 11/12 levels left

rFire    + . .     SeeInvis .   i - +1 great mace (protect)
rCold    + . .     Gourm    .   (shield currently unavailable)
rNeg     . . .     Faith    .   b - +2 robe
rPois    .         Spirit   +   (helmet restricted)
rElec    .         Reflect  .   W - scarf {Spirit}
rCorr    .         Harm     .   (gloves unavailable)
MR       +....                  (boots unavailable)
Stlth    +.........             d - amulet of regeneration
Regen    0.8/turn               e - ring of protection from cold
MPRegen  0.2/turn               R - ring of protection from fire

@: heavily drained
A: unfitting armour, talons 1, blurry vision 1, clever 2, deterioration 1, low
mp 1, robust 2, tough skin 1, subdued magic 1
a: Renounce Religion


You were on level 11 of the Dungeon.
You worshipped Xom.
You were a favourite toy of Xom.
You were not hungry.

You visited 3 branches of the dungeon, and saw 18 of its levels.
You also visited: Ossuary.

You collected 1437 gold pieces.

Inventory:

Hand Weapons
 i - a +1 great mace of protection (weapon)
 k - a +4 flail of draining
 s - a +0 giant spiked club
Missiles
 z - a throwing net
 D - 3 large rocks (quivered)
 S - 9 javelins
Armour
 b - a +2 robe (worn)
 f - a +1 cloak
 W - a scarf of spirit shield (worn)
Jewellery
 d - an amulet of regeneration (around neck)
 e - a ring of protection from cold (left hand)
 C - an uncursed ring of magical power
 R - a ring of protection from fire (right hand)
 U - a +5 amulet of reflection
Wands
 a - a wand of digging (13/24)
 j - a wand of flame (25/48)
 l - a wand of flame (7/48)
 x - a wand of paralysis (15/24)
 y - a wand of flame (26/48)
 P - a wand of polymorph (13/24)
 Q - a wand of iceblast (8/15)
 V - a wand of flame (19/48)
Scrolls
 g - a scroll of teleportation
 h - 6 scrolls of identify
 o - 3 scrolls of amnesia
 q - 12 scrolls of remove curse
 t - 2 scrolls of fear
 u - a scroll of enchant weapon
 w - 2 scrolls of recharging
 A - 4 scrolls of enchant armour
 B - a scroll of immolation
 E - 2 scrolls of magic mapping
 F - 3 scrolls of blinking
 J - a scroll of holy word
 T - 2 scrolls of fog
Potions
 p - a potion of brilliance
 r - 5 potions of flight
 G - a potion of ambrosia
 I - 3 potions of haste
 K - a potion of magic
 M - 2 potions of lignification
 O - 3 potions of heal wounds
 Z - a potion of invisibility
Comestibles
 c - 7 bread rations
 m - 8 royal jellies
 n - 9 meat rations
 v - 28 fruits


   Skills:
 + Level 15.3(12.5) Fighting
 + Level 10.9(8.3) Maces & Flails
 + Level 9.1(6.6) Throwing
 + Level 10.7(8.1) Dodging
 + Level 6.1(3.8) Evocations


You had 11 spell levels left.
You knew the following spells:

 Your Spells              Type           Power        Failure   Level  Hunger
a - Apportation           Tloc           #.....       22%         1    ##.....


Dungeon Overview and Level Annotations

Branches:
Dungeon (12/15)            Temple (0/1) D:4            Lair (5/6) D:11
  Swamp (0/4) Lair:2       Spider (0/4) Lair:2          Orc (1/2) D:11
  Slime: Lair:5-6

Altars:
Ashenzari
Cheibriados
Elyvilon
Gozag
Nemelex Xobeh
Vehumet
Xom
Yredelemnul

Shops:
D:9 =%%

Annotations:
D:12 Nessos


Innate Abilities, Weirdness & Mutations

You are too large for most types of armour.
You have tough skin. (AC +1)
You have sharp toenails.
Scrolls take you a little longer to read.
Your mind is very acute. (Int +4)
Your body sometimes deteriorates upon taking damage.
Your magical capacity is low. (-10% MP)
You are very robust. (+20% HP)
Your spells are a little easier to cast, but a little less powerful.


Message History

Aiming: Paralyse
Press: ? - help, Shift-Dir - straight line, f - troll
Aim: a troll (heavily wounded, chance to defeat MR: 57%)
The troll resists with significant effort.
This wand has 15 charges left.
The troll bites you!
* * * LOW HITPOINT WARNING * * *
The troll barely misses you. The troll claws you!
* * * LOW HITPOINT WARNING * * *
Okay, then.
Unknown command.
Evoke which item? (* to show all) (? for menu, Esc to quit)
That's the wrong kind of item! (Use * to select it.) Evoke which item? (* to show all) (? for menu, Esc to quit)
Okay, then.
Unknown command.
Really read with blurry vision while enemies are nearby?
You begin reading the scroll.
You continue reading the scroll.
The troll bites you!
You die...
Xom chortles!

#[####.....####.#.#
#.#.....8.....#)#.#########
#.#...........#.#.........#
#.......$.)...[########.###
#..8....>)..o8.....# #.#
##......[.(.o...##.# #.#
##...........#o##.# #.#
#.....8.....#T##.# #.#
####.....####.@..# #.#
###.####...#######.#
#.............##.#
###.#########.##.# #.#
#.##=# #)# #.##.# #######
#.# #.##.# ......# #.#
#.##(# #####.# #.# #.##.#


You could see a troll and an orc sorcerer.

Vanquished Creatures
  Rupert (Lair:5)
  Kirke (Lair:3)
  The ghost of Sanvar the Geomancer, a journeyman HuEE of Ashenzari (Lair:5)
  4 hydras
  A minotaur (Lair:3)
  A death yak (Lair:3)
  Nergalle (D:10)
  An orc knight (D:11)
  2 oklob plants
  3 ugly things
  A cyclops (D:12)
  2 black mambas
  A gargoyle (D:12)
  A torpor snail (Lair:4)
  6 spiny frogs
  5 komodo dragons
  5 blink frogs (Lair:1)
  4 slime creatures (D:12)
  3 hippogriffs
  A shadow (D:12)
  A vampire (D:11)
  A hog (Lair:3)
  25 yaks
  2 wyverns (D:11)
  4 basilisks
  Menkaure (D:6)
  Edmund (D:5)
  10 water moccasins
  10 porcupines
  2 orc warriors (D:11)
  3 sky beasts
  3 ice beasts
  A black bear (Lair:2)
  A boggart (D:10)
  An eye of draining (D:10)
  5 ogres
  An ogre (shapeshifter) (D:3)
  2 phantoms
  9 wolves
  7 centaurs
  10 crocodiles
  9 bullfrogs
  A gnoll sergeant (D:12)
  2 wyvern zombies
  5 scorpions
  The ghost of ig87 the Covered, a weakling MiFi (D:3)
  5 killer bees (D:7)
  3 electric eels
  2 crimson imps
  2 centaur zombies (Ossuary)
  A quasit (D:11)
  7 bullfrog zombies
  3 jellies
  4 hounds
  2 bullfrog skeletons (D:8)
  4 orc priests
  11 orc wizards
  7 iguanas
  4 hell rats (Lair:5)
  6 worker ants
  3 hound zombies
  11 mummies (Ossuary)
  6 worker ant zombies
  4 gnolls
  11 adders
  2 shadow imps
  A white imp (D:7)
  An ooze (D:1)
  4 worms
  6 adder zombies
  2 dart slugs (D:2)
  12 leopard geckos
  33 orcs
  5 ball pythons
  2 giant cockroaches
  6 hobgoblins
  4 jackals
  3 quokkas
  9 bats
  3 frilled lizards
  A giant cockroach zombie (Ossuary)
  9 goblins
  2 jackal zombies (Ossuary)
  7 kobolds
  A leopard gecko zombie (Ossuary)
  A quokka skeleton (D:4)
  2 quokka zombies (Ossuary)
  8 rats
  A butterfly (Lair:2)
  A fungus (Lair:5)
385 creatures vanquished.

Vanquished Creatures (collateral kills)
  A hydra (Lair:4)
  An ugly thing (D:12)
  A phantom (D:6)
  A black bear (D:9)
  An ogre (D:9)
  A crimson imp (D:6)
  A jelly (D:6)
  2 iguanas (D:6)
  An orc (Orc:1)
10 creatures vanquished.

Vanquished Creatures (others)
  A porcupine (Lair:5)
  5 fungi
  A plant (Lair:2)
7 creatures vanquished.

Grand Total: 402 creatures vanquished

Notes
Turn   | Place    | Note
-------+----------+-------------------------------------------
     0 | D:1      | Jannitor the Ogre Chaos Knight began the quest for the Orb.
     0 | D:1      | Reached XP level 1. HP: 24/24 MP: 1/1
    95 | D:1      | Reached XP level 2. HP: 32/32 MP: 2/2
   206 | D:1      | XOM: harmless Erth miscast
   306 | D:1      | XOM: cloud trail
   323 | D:1      | XOM: harmless Fire miscast
   363 | D:1      | Reached XP level 3. HP: 38/40 MP: 3/3
   724 | D:1      | XOM: summons 1 hostile demon
   842 | D:1      | XOM: noise
   951 | D:2      | Found a radiant altar of Vehumet.
  1132 | D:2      | XOM: give mutation
  1132 | D:2      | Gained mutation: Your spells are a little harder to cast, but a little more powerful. [Xom's grace]
  1168 | D:2      | XOM: fog
  1232 | D:2      | Reached XP level 4. HP: 38/49 MP: 4/4
  1298 | D:2      | Reached skill level 5 in Fighting
  1558 | D:2      | Found an opulent altar of Gozag.
  1726 | D:3      | Noticed ig87's ghost (weakling MiFi)
  1739 | D:3      | XOM: enchant monster (good)
  1741 | D:3      | XOM: 9-stop teleportation journey
  1778 | D:3      | XOM: harmless Chrm miscast
  1839 | D:3      | Noticed a swamp drake
  1839 | D:3      | an orc priest changed into a swamp drake
  1841 | D:3      | XOM: cast spell 'Monstrous Menagerie'
  1842 | D:3      | Noticed an ogre
  1842 | D:3      | a swamp drake changed into an ogre
  1848 | D:3      | Killed an ogre
  1848 | D:3      | Reached XP level 5. HP: 38/57 MP: 5/5
  2070 | D:3      | XOM: fog
  2074 | D:3      | Killed ig87's ghost
  2074 | D:3      | Reached XP level 6. HP: 6/67 MP: 6/6
  2779 | D:3      | XOM: god gift: 50 gold pieces
  2985 | D:3      | Reached skill level 6 in Fighting
  3280 | D:3      | XOM: 2-stop teleportation journey
  3802 | D:4      | XOM: scenery: 1 doors close
  3944 | D:4      | XOM: divination: magic mapping
  4018 | D:4      | Reached XP level 7. HP: 76/76 MP: 7/7
  4029 | D:4      | Found a staircase to the Ecumenical Temple.
  4075 | D:5      | Entered Level 5 of the Dungeon
  4118 | D:5      | Noticed Edmund
  4122 | D:5      | XOM: divination: detect items
  4139 | D:5      | XOM: potion effect (heal wounds)
  4141 | D:5      | Reached skill level 7 in Fighting
  4144 | D:5      | XOM: summons friendly shadow imp
  4152 | D:5      | XOM: summons 1 friendly demon
  4155 | D:5      | XOM: summons friendly white imp
  4156 | D:5      | XOM: smoke on damage
  4160 | D:5      | Killed Edmund
  4160 | D:5      | Reached skill level 5 in Maces & Flails
  4458 | D:5      | XOM: noise
  4462 | D:5      | Reached skill level 8 in Fighting
  4462 | D:5      | Reached skill level 5 in Dodging
  4462 | D:5      | Reached XP level 8. HP: 88/88 MP: 8/8
  4926 | D:6      | XOM: mild Chrm miscast
  4930 | D:6      | XOM: summons friendly ufetubus
  4983 | D:6      | XOM: medium Fire miscast
  5080 | D:6      | Noticed Menkaure
  5087 | D:6      | Killed Menkaure
  5087 | D:6      | Reached skill level 9 in Fighting
  5162 | D:6      | Found a snail-covered altar of Cheibriados.
  5226 | D:6      | XOM: harmless Tmut miscast
  5604 | D:6      | Found a basalt altar of Yredelemnul.
  5607 | D:6      | Found a white marble altar of Elyvilon.
  5610 | D:6      | Found a shattered altar of Ashenzari.
  5853 | D:7      | XOM: polymorph crimson imp -> white imp
  5937 | D:7      | XOM: mild Air miscast
  6001 | D:7      | Reached XP level 9. HP: 80/100 MP: 9/9
  6005 | D:7      | XOM: chaos cloud
  6060 | D:7      | XOM: medium Summ miscast
  6088 | D:7      | Found a sand-covered staircase.
  6095 | Ossuary  | XOM: stealth player
  6095 | Ossuary  | Entered an ossuary
  6221 | Ossuary  | XOM: 1-stop teleportation journey
  6224 | Ossuary  | XOM: chaos cloud
  6229 | Ossuary  | XOM: confusion (+ monsters)
  6240 | Ossuary  | HP: 5/101 [worker ant zombie (1)]
  6419 | Ossuary  | Reached skill level 10 in Fighting
  6476 | Ossuary  | XOM: cleaving
  6499 | Ossuary  | XOM: smoke on damage
  6520 | Ossuary  | XOM: silly message
  6676 | D:7      | XOM: divination: magic mapping
  7046 | D:8      | Reached skill level 1 in Throwing
  7047 | D:8      | XOM: harmless Chrm miscast
  7125 | D:8      | Reached skill level 11 in Fighting
  7153 | D:8      | XOM: mild Chrm miscast
  7205 | D:8      | Lost mutation: Your spells are a little harder to cast, but a little more powerful. [potion of mutation]
  7205 | D:8      | Gained mutation: You passively map a small area around you. [potion of mutation]
  7205 | D:8      | Gained mutation: Your spells are a little harder to cast, but a little more powerful. [potion of mutation]
  7205 | D:8      | Gained mutation: You evolve. [potion of mutation]
  7352 | D:8      | Reached XP level 10. HP: 112/113 MP: 10/10
  7369 | D:8      | XOM: noise
  7483 | D:8      | XOM: harmless Ice miscast
  7625 | D:9      | Found Qutudoit's Food Shop.
  7662 | D:9      | Found Heehira's Food Emporium.
  7681 | D:9      | Noticed a brown ugly thing
  7834 | D:9      | XOM: polymorph ice beast -> iguana
  7877 | D:9      | Found Ynem's Jewellery Shop.
  8119 | D:9      | XOM: 8-stop teleportation journey
  8149 | D:9      | XOM: confuse monster(s)
  8246 | D:9      | Killed a brown ugly thing
  8509 | D:10     | Entered Level 10 of the Dungeon
  8591 | D:10     | Noticed Nergalle
  8599 | D:10     | XOM: confuse monster(s)
  8607 | D:10     | Killed Nergalle
  8847 | D:10     | Reached skill level 12 in Fighting
  9282 | D:10     | Lost mutation: You passively map a small area around you. [evolution]
  9369 | D:10     | XOM: polymorph bullfrog -> boggart
  9492 | D:11     | Gained mutation: Your mind is acute. (Int +2) [mutagenic meat]
  9493 | D:11     | Lost mutation: Your spells are a little harder to cast, but a little more powerful. [mutagenic meat]
  9523 | D:11     | XOM: noise
  9745 | D:11     | Noticed a four-headed hydra
  9752 | D:11     | Killed a four-headed hydra
  9752 | D:11     | Reached skill level 1 in Evocations
  9752 | D:11     | Reached XP level 11. HP: 55/124 MP: 11/11
  9961 | D:11     | Found a staircase to the Orcish Mines.
 10071 | D:11     | XOM: polymorph worker ant -> jelly
 10084 | D:11     | Reached skill level 5 in Throwing
 10115 | D:11     | Identified the Almanac of Flamy Displacement
 10143 | D:11     | Learned a level 1 spell: Apportation
 10182 | D:11     | Found a staircase to the Lair.
 10348 | D:11     | Noticed a red ugly thing
 10357 | D:11     | Killed a red ugly thing
 10360 | D:11     | Gained mutation: You are robust. (+10% HP) [mutagenic meat]
 10361 | D:11     | Gained mutation: Scrolls take you a little longer to read. [mutagenic meat]
 10480 | D:11     | XOM: scenery: create altars
 10715 | D:12     | Noticed a red ugly thing
 10717 | D:12     | Killed a red ugly thing
 10858 | D:12     | XOM: god gift: curved smoking staff {god gift}
 10895 | D:12     | Noticed a cyclops
 10898 | D:12     | Killed a cyclops
 10924 | D:12     | Noticed a white ugly thing
 10931 | D:12     | HP: 2/138 [white ugly thing (28)]
 10938 | D:12     | Killed a white ugly thing
 10946 | D:12     | Gained mutation: Your body sometimes deteriorates upon taking damage. [mutagenic meat]
 10976 | D:12     | XOM: 3-stop teleportation journey
 11121 | D:12     | XOM: god gift: 53 gold pieces
 11153 | D:12     | XOM: god gift: smoky inky potion {god gift}
 11189 | D:12     | XOM: cleaving
 11277 | D:12     | Reached skill level 13 in Fighting
 11323 | D:12     | Noticed Nessos
 11363 | D:12     | Gained mutation: You are very robust. (+20% HP) [evolution]
 11414 | D:12     | Noticed a four-headed hydra
 11414 | D:12     | XOM: divination: detect items
 11420 | D:12     | Killed a four-headed hydra
 11425 | D:12     | XOM: noise
 11427 | D:12     | Gained mutation: You have sharp toenails. [mutagenic meat]
 11428 | D:12     | Gained mutation: Your mind is very acute. (Int +4) [mutagenic meat]
 11429 | D:12     | Gained mutation: Your spells are a little easier to cast, but a little less powerful. [mutagenic meat]
 11589 | Lair:1   | Entered Level 1 of the Lair of Beasts
 11845 | Lair:1   | XOM: god gift: leather armour {god gift}
 11868 | Lair:1   | Reached XP level 12. HP: 151/163 MP: 14/14
 11966 | Lair:1   | XOM: 1-stop teleportation journey
 12027 | Lair:1   | XOM: god gift: glowing quarterstaff {god gift}
 12235 | Lair:1   | XOM: confuse monster(s)
 12252 | Lair:1   | XOM: scenery: create altars
 12452 | Lair:1   | XOM: scenery: create altars
 12699 | Lair:2   | XOM: 5-stop teleportation journey
 12884 | Lair:2   | Noticed a four-headed hydra
 12897 | Lair:2   | XOM: 1-stop teleportation journey
 12911 | Lair:2   | XOM: 4-stop teleportation journey
 13094 | Lair:2   | Killed a four-headed hydra
 13135 | Lair:2   | Found a staircase to the Swamp.
 13135 | Lair:2   | XOM: 2-stop teleportation journey
 13161 | Lair:2   | XOM: harmless Necr miscast
 13252 | Lair:2   | XOM: divination: detect items
 13360 | Lair:2   | Reached skill level 14 in Fighting
 13666 | Lair:2   | Found a hole to the Spider Nest.
 13704 | Lair:2   | Gained mutation: Your magical capacity is low. (-10% MP) [evolution]
 13704 | Lair:2   | Lost mutation: You evolve. [end of evolution]
 13715 | Lair:2   | Reached skill level 10 in Maces & Flails
 13748 | Lair:2   | XOM: scenery: create altars
 13816 | Lair:2   | Noticed a four-headed hydra
 13831 | Lair:2   | Killed a four-headed hydra
 14318 | Lair:3   | XOM: god gift: embroidered scarf {god gift}
 14376 | Lair:3   | XOM: scenery: create altars
 14524 | Lair:3   | Reached skill level 10 in Dodging
 14529 | Lair:3   | XOM: mild Air miscast
 14630 | Lair:3   | XOM: mild Air miscast
 14722 | Lair:3   | XOM is BORED!
 14760 | Lair:3   | XOM: summons 6 hostile demons
 14761 | Lair:3   | Noticed a soul eater
 15163 | Lair:4   | XOM: 2-stop teleportation journey
 15172 | Lair:4   | XOM: cast spell 'Summon Dragon'
 15299 | Lair:4   | Noticed an eight-headed hydra
 15318 | Lair:4   | XOM: 7-stop teleportation journey
 15398 | Lair:4   | XOM: god gift: 14 stones
 15545 | Lair:4   | Killed an eight-headed hydra
 15545 | Lair:4   | Reached skill level 5 in Evocations
 15545 | Lair:4   | Reached XP level 13. HP: 90/177 MP: 10/15
 15685 | Lair:4   | XOM: medium Fire miscast
 15798 | Lair:4   | XOM: noise
 15799 | Lair:4   | XOM: enchant monster (bad)
 15920 | Lair:4   | Noticed Kirke
 15922 | Lair:4   | XOM: enchant monster (bad)
 15978 | Lair:3   | Killed Kirke
 16082 | Lair:3   | XOM: god gift: 40 gold pieces
 16194 | Lair:4   | XOM: polymorph human -> basilisk
 16272 | Lair:4   | Found a sparkling altar of Nemelex Xobeh.
 16272 | Lair:4   | XOM: cast spell 'Summon Ice Beast'
 16323 | Lair:4   | XOM: noise
 16444 | Lair:4   | XOM: summons 6 hostile demons
 16477 | Lair:4   | XOM: smoke on damage
 16500 | Lair:4   | XOM: noise
 16542 | Lair:3   | XOM: confusion
 16699 | Lair:4   | XOM: chaos cloud
 16700 | Lair:3   | XOM: confusion
 16702 | Lair:3   | XOM: summons 6 hostile demons
 16706 | Lair:3   | Noticed a minotaur
 16706 | Lair:3   | a death yak changed into a minotaur
 16706 | Lair:3   | XOM: polymorph death yak -> minotaur
 16717 | Lair:3   | Killed a minotaur
 16753 | Lair:3   | XOM: harmless Conj miscast
 16909 | Lair:3   | XOM: divination: magic mapping
 16910 | Lair:3   | XOM: potion effect (curing)
 16920 | Lair:3   | Reached skill level 15 in Fighting
 17058 | Lair:3   | XOM: divination: magic mapping
 17149 | Lair:4   | XOM: silly message
 17187 | Lair:5   | XOM: harmless Summ miscast
 17198 | Lair:5   | XOM: divination: detect items
 17210 | Lair:5   | XOM: potion effect (brilliance)
 17320 | Lair:5   | Noticed Rupert
 17347 | Lair:5   | Killed Rupert
 17391 | Lair:5   | XOM: 2-stop teleportation journey
 17510 | Lair:5   | Noticed Sanvar's ghost (journeyman HuEE)
 17525 | Lair:5   | XOM: enchant monster (good)
 17540 | Lair:5   | XOM: scenery: create altars
 17545 | Lair:5   | Killed Sanvar's ghost
 17715 | Lair:5   | XOM: cloud trail
 17784 | Lair:5   | XOM: scenery: create altars
 17826 | Lair:3   | XOM: harmless Air miscast
 17908 | Orc:1    | Entered Level 1 of the Orcish Mines
 17929 | Orc:1    | XOM: confusion
 18065 | Orc:1    | XOM: blink monster(s)
 18189 | Orc:1    | XOM: confuse monster(s)
 18192 | Orc:1    | XOM: enchant monster (good)
 18206 | Orc:1    | XOM: summons 6 friendly demons
 18213 | D:11     | XOM: enchant monster (good)
 18217 | D:11     | HP: 9/180 [troll (8)]
 18221 | D:11     | Slain by a troll

Skill      XL: |  1  2  3  4  5  6  7  8  9 10 11 12 13 |
---------------+----------------------------------------+-----
Maces & Flails | 3 4 5 6 7 8 9 10 | 10.9
Dodging        | 3 4 5 6 7 8 9 10 | 10.7
Fighting       | 5 6 8 9 11 12 13 14 15 | 15.3
Throwing       | 2 4 6 8 9 |  9.1
Evocations     | 1 3 5 6 |  6.1

Action                   |  1- 3 |  4- 6 |  7- 9 | 10-12 | 13-15 || total
-------------------------+-------+-------+-------+-------+-------++-------
Melee: Mace              |   130 |    82 |    49 |       |       ||   261
       Flail             |       |   181 |   383 |   427 |   137 ||  1128
       Kick              |       |       |       |    40 |    69 ||   109
       Great mace        |       |       |       |       |    79 ||    79
       Unarmed           |       |       |       |       |    15 ||    15
Throw: Large rock        |       |       |       |   169 |    35 ||   204
       Throwing net      |       |       |       |       |     2 ||     2
Evoke: Box of beasts     |       |       |       |     2 |       ||     2
       Wand              |       |       |       |     7 |     1 ||     8
       Phantom mirror    |       |       |       |     2 |       ||     2
  Use: Potion            |       |     4 |     6 |     9 |     6 ||    25
       Scroll            |       |     4 |    11 |    19 |     1 ||    35
 Stab: Sleeping          |     1 |       |       |     3 |       ||     4
       Invisible         |       |     4 |     1 |       |       ||     5
       Paralysed         |       |       |     5 |       |       ||     5
       Distracted        |       |       |     1 |     1 |     1 ||     3
       Confused          |       |       |       |     1 |       ||     1
       Held in net/web   |       |       |       |       |     1 ||     1
       Betrayed ally     |       |       |       |       |     1 ||     1
  Eat: Chunk             |     1 |     5 |     3 |    26 |     9 ||    44
       Bread ration      |       |     1 |     2 |     2 |       ||     5
Armor: Robe              |    67 |    80 |   143 |    93 |   101 ||   484
Dodge: Dodged            |    88 |   149 |   260 |   317 |   263 ||  1077
